 Dungeon Crawl Stone Soup version 0.24-a0-443-g80245de385 (webtiles) character file.

Game seed: 16235171829008885623

65 KristoblXynda the Conjurer (level 3, 0/14 HPs)
             Began as a Felid Conjurer on June 21, 2019.
             Killed from afar by an orc wizard (8 damage)
             ... with a puff of flame
             ... on level 3 of the Dungeon.
             The game lasted 00:04:36 (3288 turns).

KristoblXynda the Conjurer (Felid Conjurer)         Turns: 3288, Time: 00:04:37

Health: 0/14       AC:  1    Str:  5    XL:     3   Next: 94%
Magic:  3/7        EV: 19    Int: 16    God:
Gold:   136        SH:  0    Dex: 16    Spells: 2/6 levels left
                                        Lives:  0   Deaths: 0

rFire    . . .     SeeInvis +     - Unarmed
rCold    . . .     Gourm    .   (shield unavailable)
rNeg     . . .     Faith    .   (armour unavailable)
rPois    .         Spirit   .   (helmet unavailable)
rElec    .         Reflect  .   (cloak unavailable)
rCorr    .         Harm     .   (gloves unavailable)
MR       .....                  (boots unavailable)
Stlth    +++.......             (no amulet)
HPRegen  0.04/turn              (no ring)
MPRegen  0.10/turn              (no ring)

@: quick
A: very small, no armour, no weapons or thrown items, stealth, claws 1, fangs 3,
see invisible, carnivore, speed 1, shaggy fur 1, slow metabolism 1, sharp paws
a: no special abilities


You were on level 3 of the Dungeon.
You were completely stuffed.

You visited 1 branch of the dungeon, and saw 3 of its levels.

You collected 136 gold pieces.

Inventory:

Jewellery
 e - an uncursed amulet of regeneration {unknown}
Wands
 g - a wand of enslavement (7)
Scrolls
 a - a scroll of remove curse
Potions
 d - a potion of might
 f - a potion of mutation {unknown}
 i - a potion of berserk rage
Comestibles
 b - 6 rations
 c - 6 chunks of flesh


   Skills:
 + Level 3.6 Dodging
 + Level 3.8 Stealth
 + Level 1.5 Unarmed Combat
 - Level 2.0 Spellcasting
 + Level 4.0 Conjurations


You had 2 spell levels left.
You knew the following spells:

 Your Spells              Type           Power        Failure   Level  Hunger
a - Magic Dart            Conj           ##..         4%          1    #......
b - Dazzling Spray        Conj/Hex       #.....       26%         3    ###....

Your spell library contained the following spells:

 Spells                   Type           Power        Failure   Level  Hunger
 Searing Ray              Conj           ##....       6%          2    ###....
 Iskenderun's Mystic Bla  Conj           ##......     36%         4    #####..
 Force Lance              Conj/Tloc      #.......     65%         4    #####..
 Fulminant Prism          Conj/Hex       #.........   65%         4    #####..


Dungeon Overview and Level Annotations

Branches:
Dungeon (3/15)

Altars:


Innate Abilities, Weirdness & Mutations

You cannot wear armour.
You are incapable of wielding weapons or throwing items.
Your paws allow you to move quietly. (Stealth)
You have sharp claws.
You have razor-sharp teeth.
You have supernaturally acute eyesight. (SInv)
You are carnivorous and can eat meat at any time.
You cover ground quickly.
You are covered in fur. (AC +1)
You have a slow metabolism.
Your sharp claws are effective at attacking unaware monsters.


Message History

The orc completely misses you.
Casting: Magic Dart (safe; 4% risk of failure)
Confirm with . or Enter, or press ? or * to list all spells.
Aiming: Magic Dart (safe; 4% risk of failure)
Press: ? - help, Shift-Dir - straight line, f/p - orc
Aim: an orc, wearing a cursed -1 chain mail The magic dart hits the orc.
The orc is heavily wounded.
Casting: Magic Dart (safe; 4% risk of failure)
Confirm with . or Enter, or press ? or * to list all spells.
Aiming: Magic Dart (safe; 4% risk of failure)
Press: ? - help, Shift-Dir - straight line, f/p - orc
Aim: an orc, wearing a cursed -1 chain mail The magic dart hits the orc.
You kill the orc!
You hear a splash. x3
The orc wizard gestures at you while chanting.
The puff of flame hits you!
Ouch! That really hurt!
You die...

###### #..... #####.###.
#### #.....# #. ..#
#.###.###. ###.## #.#
#..... #.###....### #.#
###.## #...o......# #.#
#.# #....'##@.#.# #)# #.#
#....#o)#...# #.# #†##
...o##≈≈##..# #.# #...
##..o#≈≈≈ #).####.########
.#...#≈≈≈ #.....<.......#
####g#
#.#.o##≈≈##.......#####.##
......
.#...#≈≈#...##.##........
......
....##''##..##.##.####..#
##.... #...# #..#..##.#
#..#


You could see an orc wizard and an orc.

Vanquished Creatures
  A gnoll (D:3)
  3 dart slugs (D:1)
  2 orcs (D:3)
  2 giant cockroaches (D:1)
  8 hobgoblins
  6 jackals
  6 bats
  A frilled lizard (D:3)
  5 goblins
  3 kobolds (D:1)
  7 rats
44 creatures vanquished.

Notes
Turn   | Place    | Note
-------+----------+-------------------------------------------
     0 | D:1      | KristoblXynda the Felid Conjurer began the quest for the
                  | Orb.
     0 | D:1      | Reached XP level 1. HP: 7/7 MP: 4/4
   589 | D:1      | Reached XP level 2. HP: 6/11 MP: 0/6
  1009 | D:1      | Reached skill level 1 in Unarmed Combat
  1861 | D:1      | Reached XP level 3. HP: 11/14 MP: 4/7
  1954 | D:1      | Learned a level 3 spell: Dazzling Spray
  2978 | D:3      | Reached skill level 4 in Conjurations
  3288 | D:3      | Killed from afar by an orc wizard

Levels and vault maps discovered:
D:1:      dpeg_arrival_lava_temple_mockup, layout_loops_ring
D:2:      layout_basic
D:3:      layout_loops_ring, gup_sewer_entry_bowl, supply_closet_lemuel

Skill      XL: |  1  2  3 |
---------------+----------+-----
Stealth        | 3 |  3.8
Dodging        | 3 |  3.6
Unarmed Combat | 1 |  1.5
Conjurations   | 4 |  4.0
Spellcasting   | |  2.0

Action                   || total
-------------------------++-------
Melee: Unarmed           ||    74
       Bite              ||     8
 Cast: Magic Dart        ||    88
  Use: Scroll            ||     6
 Stab: Sleeping          ||     3
  Eat: Chunk             ||    13
Armor: Skin              ||     3
Dodge: Dodged            ||    77

Table legend:
 A = Non-vault XP
 B = Vault XP
 C = Vault XP percentage of total XP
 D = Non-vault monster count
 E = Vault monster count
 F = Vault count percentage of total count
                 A         B        C        D         E       F
            +---------+---------+-------+---------+---------+-------
      Total |      93 |       1 |   1.1 |      43 |       1 |   2.3
            +---------+---------+-------+---------+---------+-------
        D:1 |      43 |       0 |   0.0 |      21 |       0 |   0.0
        D:2 |      15 |       0 |   0.0 |       9 |       0 |   0.0
        D:3 |      35 |       1 |   2.8 |      13 |       1 |   7.1
            +---------+---------+-------+---------+---------+-------
